 Dungeon Crawl Stone Soup version 0.29-a0-878-g7b45a56547 (webtiles) character file.

Game seed: 11254831530508755511

832 zeratav the Tainter (level 7, -7/43 HPs)
             Began as an Octopode Venom Mage on July 19, 2022.
             Splashed by a jelly's acid (9 damage)
             ... on level 6 of the Dungeon.
             The game lasted 00:07:11 (7156 turns).

zeratav the Tainter (Octopode Venom Mage)           Turns: 7156, Time: 00:07:12

Health: -7/43      AC: -3    Str:  7    XL:     7   Next: 98%
Magic:  10/10      EV: 14    Int: 20    God:
Gold:   164        SH:  0    Dex: 18    Spells: 3/10 levels left

rFire   . . .      SeeInvis .   n - +11 whip "Olasuryh" {venom, rC+, mace}
rCold   + . .      Faith    .   (no shield)
rNeg    + . .      Spirit   .   (helmet restricted)
rPois   .          Reflect  .   (no amulet)
rElec   .          Harm     .   d - +6 ring of dexterity
rCorr   .          Rampage  .   m - ring of positive energy
Will    +....                   t - ring of willpower
Stlth   ++++......              (no ring)
HPRegen 0.14/turn               (no ring)
MPRegen 0.12/turn               (no ring)
                                (no ring)
                                (no ring)

@: corroded
A: almost no armour, amphibious, 8 rings, camouflage 1, gelatinous body 1,
(nimble swimmer 1), tentacles
a: no special abilities


You were on level 6 of the Dungeon.
You visited 1 branch of the dungeon, and saw 6 of its levels.
You also visited: Ossuary.

You collected 164 gold pieces.


Innate Abilities, Weirdness & Mutations

You cannot wear most types of armour.
You are amphibious.
You can wear up to eight rings at the same time.
Your skin changes colour to match your surroundings (Stealth+).
Your rubbery body absorbs attacks. (AC +1, EV +1)
((You are camouflaged when in or above water. (Stealth+)))
You have tentacles for arms and can constrict up to eight enemies at once.


   Skills:
 + Level 1.4 Fighting
 + Level 2.6 Dodging
 - Level 5.0 Stealth
 - Level 2.0 Spellcasting
 - Level 1.0 Transmutations
 - Level 10.0 Poison Magic


You had 3 spell levels left.
You knew the following spells:

 Your Spells              Type           Power      Damage    Failure   Level
a - Sting                 Tmut/Pois      96%        1d7       1%          1
b - Poisonous Vapours     Pois/Air       44%        N/A       3%          2
c - Olgreb's Toxic Radia  Pois           42%        N/A       2%          4

Your spell library contained the following spells:

 Spells                   Type           Power      Damage    Failure   Level
 Mephitic Cloud           Conj/Pois/Air  15%        N/A       12%         3
 Anguish                  Hex/Necr       1%         N/A       83%         4
 Enfeeble                 Hex            1%         N/A       100%        7

Inventory:

Hand Weapons
 e - a +2 vampiric spear {polearm}
   (You took it off a gnoll on level 2 of the Dungeon)
 n - the +11 whip "Olasuryh" (weapon) {venom, rC+, mace}
   (You found it on level 2 of the Dungeon)

   It poisons the flesh of those it strikes.
   rC:        It protects you from cold.
Magical Staves
 x - a staff of poison {staff}
   (You found it on level 4 of the Dungeon)
Jewellery
 d - a +6 ring of dexterity (left tentacle)
   (You found it on level 1 of the Dungeon)
 m - a ring of positive energy (right tentacle)
   (You found it on level 2 of the Dungeon)
 t - a ring of willpower (on tentacle)
   (You found it on level 3 of the Dungeon)
 z - an amulet of reflection
   (You found it on level 4 of the Dungeon)
Wands
 w - a wand of light (13)
   (You found it on level 3 of the Dungeon)
 y - a wand of flame (18)
   (You took it off a hobgoblin on level 4 of the Dungeon)
Scrolls
 c - a scroll of blinking {unknown}
 g - 8 scrolls of teleportation {unknown}
 h - 2 scrolls of immolation {unknown}
 i - a scroll of magic mapping {unknown}
 o - 2 scrolls of enchant armour {unknown}
 q - 2 scrolls of vulnerability {unknown}
 r - 3 scrolls of identify {unknown}
 s - a scroll of silence {unknown}
 u - a scroll of summoning {unknown}
 A - a scroll of noise {unknown}
 B - a scroll of brand weapon {unknown}
 D - 3 scrolls of enchant weapon {unknown}
Potions
 a - a potion of magic
 b - 2 potions of lignification {unknown}
 f - 2 potions of attraction {unknown}
 j - a potion of mutation {unknown}
 k - 7 potions of curing {unknown}
 l - 2 potions of flight {unknown}
 p - 3 potions of haste {unknown}
 v - a potion of degeneration {unknown}
 C - a potion of ambrosia {unknown}
 E - 2 potions of resistance {unknown}
 F - 2 potions of brilliance {unknown}

Dungeon Overview and Level Annotations

Branches:
Dungeon (6/15) Zot: 26781 Ossuary (visited)
 Temple: D:4-7

Altars:
Cheibriados
Vehumet

Annotations:
D:4 2 transporters, Palms's ghost, novice DjHW

..............
.............#
.............
#............
....#..........#
.....##.8.......#
#..$..#..)).....#
#......#.oJ.....#
#......#.J@....##
#.........).<..#
#.......#......#
#...........[...#
#................#
#................#
#................#
#...#......#+#...#
### ##.....#.#...#


You could see 2 jellies and an orc.


Message History

Your hp is fully restored (43).
Done exploring.
This spell is dangerous to cast!
Memorise Olgreb's Toxic Radiance, consuming 4 spell levels and leaving 3?
You start memorising the spell.
You continue memorising. x4
You finish memorising.
Spell assigned to 'c'.
Okay, then.
There is a gate leading back out of this place here.
Welcome back to the Dungeon!
There is a collapsed entrance here.
There is an open door here.
Found a stone staircase leading up.
An orc comes into view. It is wielding a +0 dagger.
The orc shouts!
You hear a shout!
The orc hits you with a +0 dagger.
An orc comes into view. It is wielding a +0 flail.
HP[-3]
You take 3 damage, and now have 40/43 hp.
You closely miss the orc. Your grab misses the orc. You squeeze the orc.
The orc closely misses you. The orc barely misses you.
You hit the orc. You grab the orc. You constrict the orc.
The orc hits you with a +0 dagger.
HP[-3]
You take 3 damage, and now have 37/43 hp.
You whack the orc!
You kill the orc!
An orc comes into view. It is wielding a +0 club.
An orc wizard comes into view. It is wielding a +0 dagger.
A jelly comes into view.
You completely miss the orc.
The jelly quivers.
The orc shouts!
The orc wizard shouts!
You grab the orc.
You constrict the orc, but do no damage.
A jelly comes into view.
The orc closely misses you.
The jelly quivers.
You whack the orc!
You kill the orc!
An orc comes into view. It is wielding a +0 falchion.
Things that are here:
a +0 flail {mace}; a +0 leather armour; an orc corpse The orc wizard hits you with a +0 dagger.
HP[-1]
You take 1 damage, and now have 36/43 hp.
The orc shouts!
You hit the orc wizard.
The orc wizard is poisoned.
Your grab misses the orc wizard.
The orc wizard hits you with a +0 dagger.
The orc hits you with a +0 club.
HP[-4]
You take 4 damage, and now have 32/43 hp.
You barely miss the orc wizard. Your grab misses the orc wizard.
The orc wizard misses you. The orc hits you with a +0 club.
The jelly barely misses you.
HP[-5]
You take 5 damage, and now have 27/43 hp.
You barely miss the orc wizard. Your grab misses the orc wizard.
The jelly closely misses you.
The orc wizard hits you but does no damage.
The orc hits you with a +0 club. The jelly closely misses you.
You whack the orc wizard!
You kill the orc wizard!
The jelly closely misses you. The orc hits you with a +0 club.
* * * LOW HITPOINT WARNING * * *
The jelly barely misses you.
You are too injured to fight recklessly!
You are too injured to fight recklessly!
HP[-8]
You take 8 damage, and now have 19/43 hp.
You are too injured to fight recklessly!
You are too injured to fight recklessly!
You are too injured to fight recklessly!
You are too injured to fight recklessly!
You are too injured to fight recklessly!
You are too injured to fight recklessly!
You are too injured to fight recklessly!
You are too injured to fight recklessly!
You whack the jelly!
Your tentacles burn!
* * * LOW HITPOINT WARNING * * *
The jelly hits you.
* * * LOW HITPOINT WARNING * * *
The acid corrodes you!
You are splashed with acid!
* * * LOW HITPOINT WARNING * * *
The orc hits you with a +0 club.
* * * LOW HITPOINT WARNING * * *
The jelly closely misses you.
HP[-15]
You take 15 damage, and now have 4/43 hp.
MASSIVE DAMAGE!! (PAUSE)
The orc attacks as you move away! The orc closely misses you.
Aiming: Bolt of Light
Press: ? - help, Q - select action, (/) - cycle Shift-Dir - straight line, f - orc
Aim: an orc, wielding a +0 falchion and wearing a +0 leather armour (71% to hit)
The bolt of light hits the jelly!
The bolt of light hits the orc!
You kill the orc!
The jelly hits you.
* * * LOW HITPOINT WARNING * * *
You are splashed with acid!
You die...

Skill      XL: |  1  2  3  4  5  6  7 |
---------------+----------------------+-----
Stealth        | 3 4 5 |  5.0
Poison Magic   | 4 5 7 8 10 | 10.0
Fighting       | 1 |  1.4
Dodging        | |  2.6
Spellcasting   | |  2.0
Transmutations | |  1.0

Action                   |  1- 3 |  4- 6 |  7- 9 || total
-------------------------+-------+-------+-------++-------
Melee: Club              |    22 |       |       ||    22
       Constrict         |    17 |    18 |    28 ||    63
       Tentacles         |    13 |    12 |    16 ||    41
       Punch             |     2 |     1 |     1 ||     4
       Dagger            |    55 |       |       ||    55
       Whip              |     2 |    72 |    84 ||   158
 Cast: Sting             |    18 |    10 |    13 ||    41
       Poisonous Vapours |       |    14 |     1 ||    15
Evoke: Wand              |       |       |     1 ||     1
 Stab: Sleeping          |    11 |    16 |    10 ||    37
       Distracted        |     2 |       |       ||     2
Armor: Skin              |     5 |     2 |     9 ||    16
Dodge: Dodged            |    52 |    45 |    37 ||   134

Levels and vault maps discovered:
D:1:      heliophobic_arrival_ceremonial_halls, layout_basic, st_stairs_14,
          minmay_pentomino_v4
D:2:      layout_basic, fountainhead, minivault_23
D:3:      layout_basic, nicolae_ecumenical_lake_church
D:4:      layout_basic, vehumet_altar_wand_db, gammafunk_ghost_smash,
          minivault_24, uniq_menkaure
D:5:      layout_basic, lemuel_tele_altar, minmay_misc_feat_ornament,
          kennysheep_generic_room_8
D:6:      layout_cave_pods, temple_fountains, serial_column_ruins,
          column_ruins_hut, column_ruins_open_small, column_ruins_grid_1,
          column_ruins_columns_straight, column_ruins_grid_1,
          nicolae_ossuary_entry_plus

Notes
Turn   | Place    | Note
-------+----------+-------------------------------------------
     0 | D:1      | zeratav the Octopode Venom Mage began the quest for the
                  | Orb.
     0 | D:1      | Reached XP level 1. HP: 11/11 MP: 3/3
     0 | D:1      | magus.rc [v1.9.6]
   369 | D:1      | Reached skill level 3 in Stealth
   386 | D:1      | Reached XP level 2. HP: 16/17 MP: 5/5
   411 | D:1      | Reached skill level 4 in Poison Magic
   605 | D:1      | HP: 4/17 [kobold/+0 dagger (1)]
  1071 | D:1      | HP: 4/17 [frozen (3)]
  1632 | D:1      | Reached XP level 3. HP: 17/21 MP: 6/6
  1905 | D:1      | Reached skill level 4 in Stealth
  2632 | D:2      | Identified the +11 whip "Olasuryh" {venom, rC+}
  2699 | D:2      | Reached XP level 4. HP: 10/27 MP: 5/7
  2761 | D:2      | Reached skill level 5 in Poison Magic
  2764 | D:2      | Reached skill level 5 in Stealth
  2971 | D:2      | Learned a level 2 spell: Poisonous Vapours
  3460 | D:3      | Found a faded altar of an unknown god.
  3566 | D:3      | Reached XP level 5. HP: 27/31 MP: 8/8
  3719 | D:3      | You pick up a book of Maledictions and begin reading...
  3719 | D:3      | You add the spells Anguish and Enfeeble to your library.
  4246 | D:4      | Reached skill level 6 in Poison Magic
  4319 | D:4      | Found a radiant altar of Vehumet.
  4420 | D:4      | Noticed Menkaure
  4424 | D:4      | Killed Menkaure
  4425 | D:4      | Reached skill level 7 in Poison Magic
  4425 | D:4      | Reached XP level 6. HP: 36/36 MP: 9/9
  4649 | D:4      | HP: 4/36 [orc/+1 flail of holy wrath (8)]
  5071 | D:4      | Noticed Palms's ghost (novice DjHW)
  5072 | D:4      | Identified the +9 dire flail of Veleif {vamp, rC+++}
  5073 | D:4      | Found a transporter.
  5223 | D:4      | Reached skill level 8 in Poison Magic
  5444 | D:4      | Found a transporter.
  5496 | D:5      | Entered Level 5 of the Dungeon
  5730 | D:5      | Reached XP level 7. HP: 14/41 MP: 6/10
  5730 | D:5      | HP: 7/41 [gnoll/+0 club (7)]
  5736 | D:5      | Reached skill level 9 in Poison Magic
  6247 | D:5      | Found a snail-covered altar of Cheibriados.
  6680 | D:6      | Found a sand-covered staircase.
  6686 | Ossuary  | Entered an ossuary
  6947 | Ossuary  | Reached skill level 10 in Poison Magic
  7056 | Ossuary  | Reached skill level 1 in Fighting
  7115 | Ossuary  | Learned a level 4 spell: Olgreb's Toxic Radiance
  7154 | D:6      | HP: 6/43 [acid (7)]
  7156 | D:6      | HP: 2/43 [jelly (2)]
  7156 | D:6      | Splashed by a jelly's acid

Vanquished Creatures
  Menkaure (D:4)
  A centaur (D:5)
  2 scorpions (D:5)
  A centaur zombie (Ossuary)
  A jelly (D:6)
  A human zombie (Ossuary)
  An iguana (D:5)
  2 orc wizards
  2 mummies (Ossuary)
  6 adders
  15 gnolls
  4 worms
  2 dart slugs
  14 orcs
  8 endoplasms
  3 giant cockroaches
  7 goblins
  4 hobgoblins
  5 kobolds
  4 quokkas
  6 ball pythons
  4 bats
  3 frilled lizards
  4 goblin zombies (Ossuary)
  12 hobgoblin zombies (Ossuary)
  A jackal zombie (Ossuary)
  12 kobold zombies (Ossuary)
  4 orc zombies (Ossuary)
  6 rats
  2 rat zombies (Ossuary)
138 creatures vanquished.

Table legend:
 A = Non-vault XP
 B = Vault XP
 C = Vault XP percentage of total XP
 D = Non-vault monster count
 E = Vault monster count
 F = Vault count percentage of total count
                 A         B        C        D         E       F
            +---------+---------+-------+---------+---------+-------
      Total |     822 |     370 |  31.0 |      93 |      45 |  32.6
            +---------+---------+-------+---------+---------+-------
        D:1 |      35 |       5 |  12.5 |      23 |       3 |  11.5
        D:2 |     116 |       0 |   0.0 |      25 |       0 |   0.0
        D:3 |      32 |       0 |   0.0 |       6 |       0 |   0.0
        D:4 |     177 |     171 |  49.1 |      20 |       2 |   9.1
        D:5 |     360 |      36 |   9.1 |      13 |       1 |   7.1
        D:6 |     102 |       0 |   0.0 |       6 |       0 |   0.0
    Ossuary |       0 |     158 | 100.0 |       0 |      39 | 100.0
            +---------+---------+-------+---------+---------+-------

Illustrated notes

Table legend:
 A = Kills in this place as a percentage of kills in entire the game.
 B = Kills by you in this place as a percentage of kills by you in the entire game.
 C = Kills by friends in this place as a percentage of kills by friends in the entire game.
 D = Other kills in this place as a percentage of other kills in the entire game.
 E = Experience gained in this place as a percentage of experience gained in the entire game.
 F = Experience gained in this place divided by the number of levels of this place that you have seen.
                   A       B       C       D       E      F
               +-------+-------+-------+-------+-------+----------------------
         Total | 100.0 | 100.0 |   N/A |   N/A | 100.0 | 170.3
       Dungeon |  71.7 |  71.7 |   N/A |   N/A |  86.7 | 172.3
       Ossuary |  28.3 |  28.3 |   N/A |   N/A |  13.3 | 158.0
               +-------+-------+-------+-------+-------+----------------------

Table legend: (Time is in decaauts)
 A = Elapsed time spent in this place.
 B = Non-inter-level travel time spent in this place.
 C = Inter-level travel time spent in this place.
 D = Time resting spent in this place.
 E = Time spent auto-exploring this place.
 F = Levels seen in this place.
 G = Mean time per level.
                   A        B        C        D        E       F      G
               +--------+--------+--------+--------+--------+-----+--------+
         Total |   7173 |   6980 |    193 |   1272 |   4709 |   7 | 1024.7 |
       Dungeon |   6730 |   6537 |    193 |   1272 |   4402 |   6 | 1121.7 |
       Ossuary |    443 |    443 |      0 |      0 |    307 |   1 |  443.0 |
               +--------+--------+--------+--------+--------+-----+--------+

Top non-repeatable levels by time:
     D:1: 2252 daAuts
     D:4: 1262 daAuts
     D:2: 1166 daAuts
     D:5: 1007 daAuts
     D:3: 824 daAuts
 Ossuary: 443 daAuts
     D:6: 217 daAuts
